 Dungeon Crawl Stone Soup version 0.19.0-2-gae57169 (webtiles) character file.

50420 Alarkh the Cruncher (level 14, 0/89 HPs)
             Began as a Mummy Necromancer on Nov 5, 2016.
             Was a High Priest of Hepliaklqana.
             Slain by a black mamba (11 damage)
             ... on level 6 of the Lair of Beasts.
             The game lasted 01:00:00 (21225 turns).

Alarkh the Cruncher (Mummy Necromancer)            Turns: 21225, Time: 01:00:01

Health: 0/89       AC: 15    Str: 12    XL:     14   Next: 19%
Magic:  2/24       EV: 14    Int: 16    God:    Hepliaklqana [*****.]
Gold:   1290       SH:  0    Dex: 15    Spells: 6 memorised, 4 levels left

rFire  + . .     SeeInvis .     a - staff of death
rCold  + . .     Gourm    .     G - +4 ring mail {rF+}
rNeg   + + +     Faith    .     (no shield)
rPois  ∞         Spirit   .     y - +2 hat
rElec  .         Reflect  .     m - +0 cloak
rCorr  +         Harm     .     (no gloves)
MR     ++...                    c - +0 pair of boots
Stlth  ++........               N - necklace of Bloodlust {*Rage +Rage MR+ Int-3 Slay+3 *Curse}
                                f - ring of protection from fire
                                t - ring of the Octopus King {rCorr AC+1 EV+1 Str+1 Int+1 Dex+1}

@: no status effects
A: no food or potions, fire vulnerability, reduced essence, cold resistance 1,
negative energy resistance 3, torment resistance, unbreathing, in touch with
death 1
a: Recall Ancestor, Ancestor Identity, Transference, Idealise, Renounce Religion


You were on level 6 of the Lair of Beasts.
You worshipped Hepliaklqana.
Hepliaklqana was extremely pleased with you.
You were not hungry.

You visited 3 branches of the dungeon, and saw 17 of its levels.
You also visited: Ossuary and Ice Cave.

You collected 1460 gold pieces.
You spent 170 gold pieces at shops.

Inventory:

Hand Weapons
 b - a +2 quarterstaff of protection
 d - a +2 dagger of protection
 u - a +6 quarterstaff of pain
Armour
 c - a +0 pair of boots (worn)
 m - a +0 cloak (worn)
 o - a +2 buckler
 y - a +2 hat (worn)
 B - +0 fire dragon scales
 G - a +4 ring mail of fire resistance (worn)
Magical Staves
 a - an uncursed staff of death (weapon)
 C - an uncursed staff of air
Jewellery
 f - a ring of protection from fire (right hand)
 h - the ring of Cagyplam {rN+ Int+4 Dex+2}
   (You found it on level 5 of the Lair of Beasts)

   [ring of dexterity]

   It affects your intelligence (+4).
   It affects your dexterity (+2).
   It protects you from negative energy.
 i - an uncursed ring of see invisible
 k - the ring of Plog {rElec rC+ MR+ Str+2 Int-3}
   (You found it on level 2 of the Lair of Beasts)

   [ring of protection from magic]

   It affects your strength (+2).
   It affects your intelligence (-3).
   It protects you from cold.
   It insulates you from electricity.
   It affects your resistance to hostile enchantments.
 q - an uncursed ring of wizardry
 t - a ring of the Octopus King (left hand) {rCorr AC+1 EV+1 Str+1 Int+1 Dex+1}
   (You found it on level 5 of the Dungeon)

   [ring of resist corrosion]

   It affects your AC (+1).
   It affects your evasion (+1).
   It affects your strength (+1).
   It affects your intelligence (+1).
   It affects your dexterity (+1).
 K - a +5 ring of intelligence
 M - an uncursed ring of flight
 N - the necklace of Bloodlust (around neck) {*Rage +Rage MR+ Int-3 Slay+3 *Curse}
   (You found it in an ice cave)

   [amulet of rage]

   It affects your intelligence (-3).
   It affects your accuracy and damage with ranged weapons and melee attacks
   (+3).
   It affects your resistance to hostile enchantments.
   It lets you go berserk.
   It may make you go berserk in combat.
   It may re-curse itself when equipped.
Wands
 n - a wand of random effects (23/48)
 p - a wand of paralysis (12/24)
 r - a wand of lightning (3/15)
 w - a wand of disintegration (10/24)
 z - a wand of flame (26/48)
 A - a wand of iceblast (4/15)
Scrolls
 e - 2 scrolls of identify
 j - 2 scrolls of recharging
 l - 8 scrolls of remove curse
 s - a scroll of magic mapping
 v - 2 scrolls of torment
 x - a scroll of fear
 D - a scroll of acquirement
 E - 2 scrolls of amnesia
 H - 2 scrolls of fog
Books
 g - a book of Summonings

   Spells                             Type                      Level
   a - Recall                         Summoning/Translocation      3
   b - Aura of Abjuration             Summoning                    5
   c - Summon Demon                   Summoning                    5
   d - Summon Forest                  Summoning/Translocation      5
   e - Summon Mana Viper              Hexes/Summoning              5
   f - Shadow Creatures               Summoning                    6
Miscellaneous
 F - a crystal ball of energy


   Skills:
 + Level 5.9 Fighting
 - Level 14.0 Staves
 + Level 4.7 Armour
 + Level 5.4 Dodging
 + Level 5.7 Stealth
 + Level 7.3 Spellcasting
 + Level 0.1 Summonings
 + Level 9.3 Necromancy
 + Level 5.5 Invocations
 + Level 4.9 Evocations


You had 4 spell levels left.
You knew the following spells:

 Your Spells              Type           Power        Failure   Level  Hunger
a - Vampiric Draining     Necr           ######....   1%          3    N/A
b - Aura of Abjuration    Summ           #.........   100%        5    N/A
c - Control Undead        Necr           ######....   8%          4    N/A
d - Summon Demon          Summ           #.........   100%        5    N/A
e - Pain                  Necr           ####         1%          1    N/A
f - Summon Forest         Summ/Tloc      #.........   100%        5    N/A

Dungeon Overview and Level Annotations

Branches:
Dungeon (10/15)            Temple (1/1) D:5            Lair (6/6) D:9
 Shoals (0/4) Lair:2        Snake (0/4) Lair:2        Slime (0/5) Lair:6
    Orc (0/2) D:10

Altars:
Ashenzari
Cheibriados
Dithmenos
Elyvilon
Fedhas
Gozag
Hepliaklqana
Kikubaaqudgha
Makhleb
Nemelex Xobeh
Okawaru
Qazlal
Ru
Sif Muna
Trog
Uskayaw
Vehumet
Xom
Yredelemnul
Zin
The Shining One
Jiyva

Shops:
D:8 *


Innate Abilities, Weirdness & Mutations

You do not eat or drink.
Your flesh is vulnerable to fire.
You are immune to poison.
Your flesh is cold resistant. (rC+)
You are immune to negative energy. (rN+++)
You are immune to unholy pain and torment.
You can survive without breathing.
You are in touch with the powers of death.
Your life essence is reduced. (-10% HP)


Message History

The insubstantial wisp thrums sharply.
You are struck by lightning.
* * * LOW HITPOINT WARNING * * *
The lightning arcs!
The black mamba is struck by lightning.
The lightning arcs!
You are struck by lightning.
* * * LOW HITPOINT WARNING * * *
The lightning arcs!
The black mamba bites you but does no damage.
The black mamba bites you!
* * * LOW HITPOINT WARNING * * *
Casting: Vampiric Draining
Confirm with . or Enter, or press ? or * to list all spells.
Aiming: Vampiric Draining
Press: ? - help, Shift-Dir - straight line, f - black mamba
Aim: a black mamba (moderately wounded)
You feel a strong surge of power!
The black mamba is moderately wounded.
You feel life coursing into your body. The black mamba closely misses you.
The black mamba bites you!
You die...

P♣♣♣♣#÷............##......#..
♣♣♣♣♣.....#÷....##..........##.
P♣≈..P....#....##.......#......
≈≈≈≈≈.....P÷...#..#.t#....#....
≈.♣♣≈≈...........##..........#
♣♣♣♣♣≈...........#...♣†.!♣...#.
♣P.w..........÷....<.......
######.†#........#...♣...♣.....
.....#w.#.......@#...........#.
........#...P.#vS...##...#.....
.....P.........#.....##.#.....#
................##..........#.#
.......PP...P.....#.#.......# .
.......#P.........#.##...##..
............##...P... .
...#.........#......#.
.............PP......♣


You could see a black mamba, a crocodile (wandering) and an insubstantial wisp.

Vanquished Creatures
  An ice dragon (IceCv)
  2 hydras
  A centaur warrior (D:10)
  2 death yaks
  2 unseen horrors (D:10)
  A necromancer (D:10)
  A deep elf archer (D:10)
  2 deep elf magi (D:10)
  6 elephants
  3 black mambas
  2 sirens (Lair:2)
  2 ice statues (IceCv)
  A gargoyle (D:10)
  6 spiny frogs
  4 rime drakes
  8 komodo dragons
  2 merfolk (Lair:2)
  A hornet (D:10)
  A troll (D:10)
  A snapping turtle (Lair:2)
  5 blink frogs
  7 hippogriffs
  4 dream sheep (Lair:5)
  A wyvern (Lair:5)
  A shadow (D:10)
  Grum (D:10)
  2 basilisks
  20 yaks
  2 hungry ghosts (D:10)
  3 vampire mosquitoes (Lair:2)
  2 steam dragons (Lair:6)
  3 insubstantial wisps
  A mottled dragon (Lair:6)
  A hell hound (D:9)
  6 porcupines
  13 water moccasins
  2 black bears
  2 swamp drakes
  5 orc warriors
  14 ice beasts
  An eye of draining (D:10)
  2 phantoms
  3 ogres
  10 wolves
  4 centaurs
  12 crocodiles
  A big kobold (D:10)
  Blork the orc (D:4)
  14 bullfrogs
  A gnoll sergeant (D:9)
  2 water moccasin zombies (Ossuary)
  A wyvern zombie (D:7)
  5 scorpions
  4 killer bees (D:10)
  2 wights
  2 howler monkeys (D:9)
  A centaur zombie (D:8)
  A quasit (D:10)
  3 hounds
  11 orc wizards
  4 orc priests
  4 centaur skeletons
  A gnoll shaman (D:7)
  2 jellies
  3 iguanas (Lair:6)
  5 worker ants
  A big kobold zombie (Ossuary)
  2 hound skeletons
  A mummy (Ossuary)
  8 gnolls
  19 adders
  3 shadow imps
  An adder skeleton (D:4)
  9 adder zombies
  2 worms
  5 dart slugs
  5 leopard geckos
  35 orcs
  6 giant cockroaches
  2 gnoll zombies (Ossuary)
  11 hobgoblins
  4 jackals
  2 quokkas
  8 ball pythons
  4 bats
  4 frilled lizards
  6 goblins
  A hobgoblin zombie (Ossuary)
  5 kobolds
  2 kobold zombies (Ossuary)
  A leopard gecko zombie (D:7)
  3 orc zombies (Ossuary)
  A quokka skeleton (D:6)
  9 rats
  A plant (Lair:3)
405 creatures vanquished.

Vanquished Creatures (collateral kills)
  A fire dragon (Lair:6)
  An ice dragon (IceCv)
  Erolcha (D:8)
  2 hydras
  An ogre mage (D:10)
  2 death yaks (Lair:2)
  A fire crab (D:10)
  A flayed ghost (D:10)
  2 hill giants (D:10)
  7 spiny frogs
  A torpor snail (Lair:2)
  A centaur skeleton (D:10)
  A rime drake (Lair:1)
  3 komodo dragons
  A troll (D:10)
  A blink frog (Lair:2)
  3 hippogriffs
  A wyvern (D:10)
  A wraith (D:10)
  3 yaks
  A basilisk (Lair:4)
  A hungry ghost (D:9)
  2 vampire mosquitoes (Lair:2)
  A mottled dragon (Lair:6)
  Menkaure (D:7)
  A swamp worm (shapeshifter) (D:10)
  4 water moccasins
  A hell hound (D:9)
  2 porcupines (Lair:2)
  2 ice beasts (IceCv)
  4 wolves
  2 crocodiles (Lair:2)
  4 bullfrogs
  A scorpion (D:9)
  A killer bee (D:10)
  A wight (D:8)
  3 crimson imps
  2 hounds
  3 orc wizards
  A gnoll shaman (D:6)
  A worker ant (D:6)
  2 iguanas (Lair:6)
  4 big kobold zombies (Ossuary)
  A mummy (Ossuary)
  6 gnolls
  3 adders (Lair:2)
  A howler monkey skeleton (D:8)
  A shadow imp (D:5)
  An adder zombie (Ossuary)
  A leopard gecko (D:6)
  An orc (D:8)
  A gnoll zombie (Ossuary)
  A jackal (D:6)
  2 quokkas (D:8)
  A kobold zombie (Ossuary)
  2 orc zombies (Ossuary)
102 creatures vanquished.

Vanquished Creatures (others)
  12 hexers
  3 ancestors
  17 fungi
  38 plants
70 creatures vanquished.

Grand Total: 577 creatures vanquished

Notes
Turn   | Place    | Note
-------+----------+-------------------------------------------
     0 | D:1      | Alarkh the Mummy Necromancer began the quest for the Orb.
     0 | D:1      | Reached XP level 1. HP: 13/13 MP: 3/3
   107 | D:2      | Found a glowing silver altar of Zin.
   225 | D:2      | Found a basalt altar of Yredelemnul.
   227 | D:2      | Found a white marble altar of Elyvilon.
   281 | D:2      | Reached XP level 2. HP: 19/19 MP: 3/5
   647 | D:2      | Reached XP level 3. HP: 24/24 MP: 3/6
   656 | D:2      | Learned a level 3 spell: Vampiric Draining
  1321 | D:2      | Reached XP level 4. HP: 29/30 MP: 3/8
  1329 | D:2      | Reached skill level 5 in Necromancy
  1843 | D:2      | Reached XP level 5. HP: 35/35 MP: 8/10
  2538 | D:4      | Noticed Blork the orc
  2546 | D:4      | Killed Blork the orc
  2546 | D:4      | Reached XP level 6. HP: 20/41 MP: 4/12
  2552 | D:4      | Learned a level 4 spell: Control Undead
  2826 | D:4      | Got a slimy leather armour
  2837 | D:4      | Identified the +1 leather armour of the Unstoppable Mice {*Contam rN+ MR+} (You found it on level 4 of the Dungeon)
  3422 | D:5      | Entered Level 5 of the Dungeon
  3494 | D:5      | Found a staircase to the Ecumenical Temple.
  3507 | Temple   | Entered the Ecumenical Temple
  3624 | Temple   | Became a worshipper of Hepliaklqana the Forgotten
  3659 | D:5      | Found a sacrificial altar of Ru.
  3714 | D:5      | Reached skill level 5 in Spellcasting
  3719 | D:5      | Reached XP level 7. HP: 36/41 MP: 10/14
  3815 | D:5      | Found a stormy altar of Qazlal.
  3829 | D:5      | Got a ring of the Octopus King
  3830 | D:5      | Identified a ring of the Octopus King {rCorr AC+1 EV+1 Str+1 Int+1 Dex+1} (You found it on level 5 of the Dungeon)
  4326 | D:6      | Found a sand-covered staircase.
  4363 | Ossuary  | Entered an ossuary
  4752 | Ossuary  | Reached XP level 8. HP: 47/47 MP: 17/17
  4791 | Ossuary  | Reached skill level 1 in Fighting
  4823 | Ossuary  | Reached skill level 1 in Invocations
  4881 | D:6      | Reached * piety under Hepliaklqana
  5154 | D:6      | Reached skill level 1 in Evocations
  5390 | D:6      | Reached skill level 1 in Armour
  5572 | D:7      | Noticed a hippogriff
  5637 | D:7      | Noticed Menkaure
  5727 | D:7      | Killed Menkaure
  5833 | D:6      | Killed a hippogriff
  5974 | D:7      | Reached XP level 9. HP: 11/56 MP: 3/18
  6595 | D:7      | Reached skill level 1 in Staves
  6897 | D:8      | Reached ** piety under Hepliaklqana
  6897 | D:8      | Found Xusse's Assorted Antiques.
  6909 | D:8      | Reached skill level 2 in Staves
  6931 | D:8      | Bought a glowing marble ring for 170 gold pieces
  6965 | D:8      | Found a glowing golden altar of the Shining One.
  7006 | D:8      | Reached skill level 3 in Staves
  7218 | D:8      | Reached skill level 4 in Staves
  7532 | D:8      | Reached skill level 5 in Staves
  8029 | D:9      | Reached XP level 10. HP: 61/63 MP: 19/19
  8030 | D:9      | Remembered your ancestor Ælfthryth as a hexer
  8125 | D:9      | Found a stormy altar of Qazlal.
  8184 | D:9      | Reached *** piety under Hepliaklqana
  8201 | D:9      | Noticed Erolcha
  8319 | D:8      | Reached skill level 6 in Staves
  8326 | D:8      | Killed Erolcha
  8326 | D:8      | Reached skill level 7 in Staves
  8545 | D:9      | Found a staircase to the Lair.
  8620 | D:9      | Found a burning altar of Makhleb.
  8918 | Lair:1   | Entered Level 1 of the Lair of Beasts
  8926 | Lair:1   | Reached skill level 8 in Staves
  8949 | Lair:1   | Noticed a seven-headed hydra
  9022 | Lair:1   | Found a frozen archway.
  9031 | Lair:1   | Reached skill level 9 in Staves
  9122 | IceCv    | Entered an ice cave
  9167 | IceCv    | Reached XP level 11. HP: 49/67 MP: 13/20
  9792 | IceCv    | Reached skill level 10 in Staves
  9888 | IceCv    | Noticed an ice dragon
  9890 | IceCv    | Noticed an ice dragon
  9949 | IceCv    | Killed an ice dragon
 10139 | IceCv    | Killed an ice dragon
 10855 | Lair:1   | Reached skill level 11 in Staves
 11127 | Lair:1   | Reached **** piety under Hepliaklqana
 11719 | Lair:1   | Killed a seven-headed hydra
 11719 | Lair:1   | Reached skill level 12 in Staves
 12284 | Lair:1   | Reached XP level 12. HP: 23/72 MP: 11/21
 12495 | Lair:2   | Got an ancient iron ring
 12515 | Lair:2   | Identified the ring of Plog {rElec rC+ MR+ Str+2 Int-3} (You found it on level 2 of the Lair of Beasts)
 13004 | Lair:2   | Found a staircase to the Shoals.
 13338 | Lair:2   | Reached skill level 13 in Staves
 13644 | Lair:2   | Found a staircase to the Snake Pit.
 13749 | Lair:2   | Reached ***** piety under Hepliaklqana
 14004 | Lair:2   | Noticed an eight-headed hydra
 14341 | Lair:2   | Reached skill level 14 in Staves
 14849 | D:10     | Entered Level 10 of the Dungeon
 14905 | D:10     | Noticed a centaur warrior
 14923 | D:10     | Killed a centaur warrior
 15156 | D:10     | Noticed an ogre mage
 15179 | D:10     | Killed an ogre mage
 15458 | D:10     | Gained mutation: You are in touch with the powers of death. [Mummy growth]
 15458 | D:10     | Reached XP level 13. HP: 30/79 MP: 6/22
 16129 | D:10     | Identified the Volume of Envenoming and Transformation
 16365 | D:10     | Found a staircase to the Orcish Mines.
 16427 | D:10     | Noticed Grum
 16689 | D:10     | Killed Grum
 18231 | Lair:3   | Reached skill level 5 in Stealth
 18386 | Lair:1   | Reached skill level 5 in Fighting
 18748 | Lair:3   | Reached skill level 5 in Invocations
 19319 | Lair:4   | Reached skill level 5 in Dodging
 19388 | Lair:4   | Identified a scroll of acquirement
 19896 | Lair:5   | Got a scintillating iron ring
 19923 | Lair:5   | Identified the ring of Cagyplam {rN+ Int+4 Dex+2} (You found it on level 5 of the Lair of Beasts)
 20449 | Lair:5   | Reached XP level 14. HP: 53/89 MP: 24/24
 20542 | Lair:5   | Learned a level 5 spell: Aura of Abjuration
 20548 | Lair:5   | Learned a level 5 spell: Summon Demon
 20554 | Lair:5   | Learned a level 5 spell: Summon Forest
 20813 | Lair:6   | Entered Level 6 of the Lair of Beasts
 20861 | Lair:6   | Found a staircase to the Slime Pits.
 20861 | Lair:6   | Found a viscous altar of Jiyva.
 21225 | Lair:6   | Slain by a black mamba

Skill      XL: |  1  2  3  4  5  6  7  8  9 10 11 12 13 |
---------------+----------------------------------------+-----
Spellcasting   | 3 4 5 6 7 |  7.3
Necromancy     | 5 6 7 8 9 |  9.3
Fighting       | 3 4 5 |  5.9
Invocations    | 2 3 5 |  5.5
Stealth        | 3 4 5 |  5.7
Dodging        | 2 3 5 |  5.4
Evocations     | 2 3 4 |  4.9
Armour         | 2 3 4 |  4.7
Staves         | 5 9 12 14 | 14.0
Summonings     | |  0.1

Action                   |  1- 3 |  4- 6 |  7- 9 | 10-12 | 13-15 || total
-------------------------+-------+-------+-------+-------+-------++-------
Melee: Unarmed           |    15 |       |       |       |       ||    15
       Halberd           |     3 |     6 |       |       |       ||     9
       Morningstar       |       |    24 |    40 |       |       ||    64
       Dagger            |       |       |   170 |       |       ||   170
       Spear             |       |       |   115 |       |       ||   115
       Quarterstaff      |       |       |    34 |   490 |   388 ||   912
       Staff             |       |       |       |       |    86 ||    86
 Cast: Pain              |    62 |   131 |    35 |    13 |     9 ||   250
       Vampiric Draining |       |       |    51 |    98 |    58 ||   207
Invok: Ancestor Identity |       |     1 |       |       |       ||     1
       Recall Ancestor   |       |       |     3 |     6 |     3 ||    12
       Ancestor Life: He |       |       |       |     1 |       ||     1
       Idealise          |       |       |       |     1 |     2 ||     3
       Transference      |       |       |       |       |     1 ||     1
Evoke: Wand              |       |       |     2 |    13 |     3 ||    18
  Use: Scroll            |       |     6 |    10 |    11 |     7 ||    34
 Stab: Sleeping          |       |     2 |     2 |     1 |       ||     5
       Distracted        |       |       |     5 |     5 |     6 ||    16
       Confused          |       |       |       |     4 |     6 ||    10
Armor: Robe              |     5 |     9 |       |       |       ||    14
       Leather armour    |       |     5 |   111 |   116 |    22 ||   254
       Ring mail         |       |       |       |       |   139 ||   139
Dodge: Dodged            |    18 |    61 |   260 |   351 |   253 ||   943
